 Dungeon Sprint DCSS version 0.27.1 (webtiles) character file.

Game seed: 15162851870856996529

2039 styxcanada the Unseen (level 9, 0/48 HPs)
             Began as a Spriggan Brigand on Aug 30, 2021.
             Was an Initiate of Gozag.
             Killed from afar by a burning bush (11 damage)
             ... with a puff of flame
             ... in the Dungeon (Sprint IV: "Fedhas' Mad Dash").
             The game lasted 00:06:18 (1062 turns).

styxcanada the Unseen (Spriggan Brigand)            Turns: 1062, Time: 00:06:19

Health: 0/48       AC:  3    Str:  7    XL:     9   Next: 4%
Magic:  10/11      EV: 24    Int: 13    God:    Gozag
Gold:   1269       SH:  0    Dex: 19    Spells: 9/10 levels left

rFire    . . .     SeeInvis +   a - +2 dagger
rCold    . . .     Faith    .   (shield restricted)
rNeg     . . .     Spirit   .   b - +0 robe
rPois    .         Reflect  .   (helmet restricted)
rElec    .         Harm     .   c - +0 cloak
rCorr    .         Rampage  .   (gloves unavailable)
Will     +....     NoTele   +   (boots unavailable)
Stlth    ++++++++..             l - amulet of invisibility {+Inv}
HPRegen  0.16/turn              (no ring)
MPRegen  0.12/turn              (no ring)

@: very slightly contaminated, studying Bows, invisible, very quick
A: very small, no large weapons, unfitting armour, see invisible, speed 3
a: Renounce Religion, Evoke Invisibility, Potion Petition, Call Merchant, Bribe
Branch


You were in the Dungeon.
You worshipped Gozag.
Gozag was most pleased with you.
You visited 1 branch You collected 1373 gold pieces.
You spent 104 gold pieces at shops.

Inventory:

Hand Weapons
 a - a +2 dagger (weapon)
Missiles
 d - 7 poisoned darts (quivered)
 m - 26 stones
 n - a curare-tipped dart
Armour
 b - a +0 robe (worn)
 c - a +0 cloak (worn)
Jewellery
 l - the amulet of invisibility (around neck) {+Inv}
   (You found it in the Dungeon)

   [amulet of nothing]

   +Inv:      It lets you turn invisible.
Scrolls
 k - a scroll of blinking
Potions
 f - 2 potions of curing
 g - a potion of heal wounds
 h - a potion of haste
 i - 2 potions of magic
 j - a potion of berserk rage
 o - a potion of invisibility
 p - a potion of lignification {unknown}


   Skills:
 * Level 6.0 Fighting
 + Level 5.0 Short Blades
 + Level 5.9 Throwing
 * Level 9.2 Dodging
 * Level 20.8 Stealth
 * Level 1.1 Spellcasting
 * Level 0.5 Conjurations
 * Level 0.6 Fire Magic
 * Level 9.5 Evocations


You had 9 spell levels left.
You knew the following spells:

 Your Spells              Type           Power      Damage    Failure   Level
a - Foxfire               Conj/Fire      8%         2x1d4     22%         1

Your spell library contained the following spells:

 Spells                   Type           Power      Damage    Failure   Level
 Conjure Flame            Conj/Fire      2%         6-21      54%         3
 Inner Flame              Hex/Fire       1%         N/A       58%         3
 Gell's Gravitas          Tloc           0%         N/A       63%         3
 Lesser Beckoning         Tloc           0%         N/A       63%         3
 Teleport Other           Tloc           0%         N/A       63%         3


Dungeon Overview and Level Annotations

Branches:
Dungeon (1/1)

Altars:
Cheibriados
Dithmenos
Elyvilon
Gozag
Hepliaklqana
Kikubaaqudgha
Makhleb
Nemelex Xobeh
Okawaru
Qazlal
Ru
Sif Muna
Trog
Uskayaw
Vehumet
Wu Jian
Xom
Yredelemnul
Zin
The Shining One
Beogh
Jiyva
Lugonu

Shops:
D =!(=

Annotations:
D exclusions: oklob plant and oklob sapling


Innate Abilities, Weirdness & Mutations

You are very small and have problems with some larger weapons.
You are too small for most types of armour.
You have supernaturally acute eyesight. (SInv)
You cover ground extremely quickly. (Speed+++)


Message History

You now have 1262 gold pieces (gained 11).
You now have 1269 gold pieces (gained 7).
You start resting.
You flicker for a moment.
You start resting.
You flicker back into view.
You start resting.
Magic restored.
You start waiting.
Your magical contamination has completely faded away.
You fade into invisibility!
You are very lightly contaminated with residual magic.
You open the door.
An oklob sapling, an oklob plant and a burning bush come into view.
Marking area around an oklob sapling and an oklob plant as unsafe for travelling.
A wandering mushroom comes into view.
Found a book of Maledictions.
There is an open door here.
You hit the burning bush but do no damage.
The burning bush throws fire at you. The puff of flame hits you!
You hit the burning bush but do no damage.
The burning bush throws fire at you. The puff of flame hits you.
You hit the burning bush but do no damage.
You hit the burning bush but do no damage.
You hit the burning bush but do no damage.
You hit the burning bush but do no damage.
The burning bush throws fire at you. The puff of flame hits you!
You hit the burning bush but do no damage.
You hit the burning bush but do no damage.
You hit the burning bush but do no damage.
The burning bush throws fire at you. The puff of flame hits you!
* * * LOW HITPOINT WARNING * * *
The burning bush throws fire at you. The puff of flame hits you!
You die...
Your body crumbles into a pile of gold.

########################
#<†..#.....#.....#.⌠._._
#PP..'.....'.#.).'.._._.
#PPPP#.....#.#...#..._._
###############'##.._._.
#...♣........'...#._._._
#......♣.....#...#######
#.....♣..♣..######
##'####@######P:
#..#....'......f
#.)#.[###P...P.. #######
#######


You could see an oklob plant (unaware) and a burning bush.

Vanquished Creatures
  An oklob plant (D)
  2 wandering mushrooms (D)
  A queen bee (D)
  2 burning bushes (D)
  3 scorpions (D)
  4 killer bees (D)
  4 oklob saplings (D)
  2 spriggans (D)
  A river rat (D)
  A rat (D)
21 creatures vanquished.

Vanquished Creatures (others)
  A fungus (D)
1 creature vanquished.

Grand Total: 22 creatures vanquished

Notes
Turn   | Place    | Note
-------+----------+-------------------------------------------
     0 | D        | styxcanada the Spriggan Brigand began the quest for the
                  | Orb.
     0 | D        | Reached XP level 1. HP: 10/10 MP: 2/2
    17 | D        | Reached skill level 7 in Stealth
    17 | D        | Reached XP level 2. HP: 6/15 MP: 3/3
   194 | D        | Noticed an oklob sapling
   196 | D        | Killed an oklob sapling
   197 | D        | Reached skill level 9 in Stealth
   197 | D        | Reached XP level 3. HP: 18/18 MP: 4/4
   198 | D        | Noticed a scorpion
   198 | D        | Found the amulet of invisibility {+Inv}
   200 | D        | Killed a scorpion
   201 | D        | Reached skill level 11 in Stealth
   201 | D        | Reached XP level 4. HP: 23/23 MP: 5/5
   223 | D        | Found an opulent altar of Gozag.
   223 | D        | Found a hazy altar of Hepliaklqana.
   223 | D        | Found a burning altar of Makhleb.
   223 | D        | Found a sparkling altar of Nemelex Xobeh.
   223 | D        | Found a snail-covered altar of Cheibriados.
   223 | D        | Found a sacrificial altar of Ru.
   223 | D        | Found a shimmering blue altar of Sif Muna.
   223 | D        | Found a shimmering altar of Xom.
   223 | D        | Found a basalt altar of Yredelemnul.
   224 | D        | Found a viscous altar of Jiyva.
   224 | D        | Found a bloodstained altar of Trog.
   224 | D        | Found an ornate altar of the Wu Jian Council.
   225 | D        | Found an iron altar of Okawaru.
   225 | D        | Found a shadowy altar of Dithmenos.
   225 | D        | Found a glowing silver altar of Zin.
   226 | D        | Found an ancient bone altar of Kikubaaqudgha.
   226 | D        | Found a hide-covered altar of Uskayaw.
   227 | D        | Found a stormy altar of Qazlal.
   227 | D        | Found a white marble altar of Elyvilon.
   227 | D        | Found a glowing golden altar of the Shining One.
   228 | D        | Became a worshipper of Gozag Ym Sagoz the Greedy
   229 | D        | Found a corrupted altar of Lugonu.
   229 | D        | Found a radiant altar of Vehumet.
   233 | D        | Reached skill level 13 in Stealth
   233 | D        | Reached XP level 5. HP: 28/28 MP: 3/6
   391 | D        | Reached skill level 5 in Dodging
   391 | D        | Reached skill level 14 in Stealth
   418 | D        | Reached skill level 15 in Stealth
   418 | D        | Reached XP level 6. HP: 11/33 MP: 7/7
   458 | D        | Found Sahutz's Distillery.
   458 | D        | Found Noumn's Jewellery Emporium.
   465 | D        | Bought a potion of curing for 39 gold pieces
   465 | D        | Bought a potion of heal wounds for 65 gold pieces
   631 | D        | Noticed a burning bush
   631 | D        | Noticed a wandering mushroom
   632 | D        | Noticed a wandering mushroom
   635 | D        | Killed a burning bush
   636 | D        | Reached skill level 16 in Stealth
   636 | D        | Reached skill level 5 in Evocations
   636 | D        | Killed a wandering mushroom
   637 | D        | Reached skill level 5 in Throwing
   637 | D        | Reached skill level 18 in Stealth
   637 | D        | Reached XP level 7. HP: 38/38 MP: 5/8
   637 | D        | Killed a wandering mushroom
   638 | D        | Reached skill level 5 in Fighting
   640 | D        | Reached skill level 19 in Stealth
   640 | D        | Reached XP level 8. HP: 43/43 MP: 5/9
   651 | D        | Found Kougiq's Jewellery Emporium.
   651 | D        | Found Xitaer's Weapon Shoppe.
   738 | D        | Noticed a queen bee
   755 | D        | Killed a queen bee
   771 | D        | HP: 1/44 [killer bee (11)]
   774 | D        | Reached skill level 20 in Stealth
   928 | D        | Noticed an oklob plant
   931 | D        | Killed an oklob plant
   939 | D        | Learned a level 1 spell: Foxfire
   997 | D        | Noticed a burning bush
  1000 | D        | Killed a burning bush
  1001 | D        | Reached skill level 5 in Short Blades
  1001 | D        | Reached skill level 1 in Spellcasting
  1001 | D        | Reached XP level 9. HP: 48/48 MP: 7/11
  1051 | D        | Noticed a burning bush
  1051 | D        | Noticed an oklob plant
  1052 | D        | Noticed a wandering mushroom
  1062 | D        | Killed from afar by a burning bush

Illustrated notes

Levels and vault maps discovered:
D:        dungeon_sprint_fedhas [sprint_temple]

Skill      XL: |  1  2  3  4  5  6  7  8 |
---------------+-------------------------+-----
Dodging        | 2 3 4 5 7 9 |  9.2
Stealth        | 7 9 11 13 15 18 19 20 | 20.8
Fighting       | 2 3 4 5 6 |  6.0
Throwing       | 3 4 5 |  5.9
Short Blades   | 3 4 5 |  5.0
Evocations     | 2 3 6 9 |  9.5
Spellcasting   | 1 |  1.1
Conjurations   | |  0.5
Fire Magic     | |  0.6

Action                   |  1- 3 |  4- 6 |  7- 9 || total
-------------------------+-------+-------+-------++-------
Melee: Dagger            |     9 |     9 |    37 ||    55
Throw: Dart              |    10 |     4 |     3 ||    17
 Abil: Evoke Invisibilit |       |     3 |     5 ||     8
  Use: Scroll            |       |       |     1 ||     1
       Potion            |       |       |     1 ||     1
 Stab: Sleeping          |     2 |     6 |     5 ||    13
       Invisible         |       |       |     5 ||     5
Dodge: Dodged            |     3 |     4 |    30 ||    37
